 Dungeon Crawl Stone Soup version 0.31-a0-819-gf6de2f5ab6 (webtiles) character file.

Game seed: 497556079259844703

154 randomguy2701 the Gusty (level 5, 0/28 HPs)
             Began as a Tengu Air Elementalist on Sept 23, 2023.
             Slain by Pargi (3 damage)
             ... on level 4 of the Dungeon.
             The game lasted 00:07:32 (4328 turns).

randomguy2701 the Gusty (Tengu Air Elementalist)    Turns: 4328, Time: 00:07:32

Health: 0/28       AC:  4    Str:  8    XL:     5   Next: 36%
Magic:  7/10       EV: 27    Int: 18    God:
Gold:   181        SH:  0    Dex: 14    Spells: 2/10 levels left

rFire   . . .        r - +0 short sword
rCold   . . .        (no shield)
rNeg    . . .        a - +0 robe
rPois   .            (helmet restricted)
rElec   .            q - +0 cloak
rCorr   .            p - +0 pair of gloves
SInv    .            (boots unavailable)
Will    .....        (no amulet)
Stlth   +            (no ring)
HPRegen 0.24/turn    (no ring)
MPRegen 0.12/turn

%: acrobat
@: acrobatic, very slow
A: beak, talons 3, acrobatic
a: no special abilities


You were on level 4 of the Dungeon.
You visited 1 branch of the dungeon, and saw 4 of its levels.
You also visited: Sewer.

You collected 181 gold pieces.

Inventory:

Hand Weapons
 r - a +0 short sword (weapon)
Armour
 a - a +0 robe (worn)
 p - a +0 pair of gloves (worn)
 q - a +0 cloak (worn)
Scrolls
 d - a scroll of vulnerability {unknown}
 e - a scroll of enchant weapon {unknown}
 g - a scroll of teleportation {unknown}
 i - 2 scrolls of identify {unknown}
 l - a scroll of revelation {unknown}
 m - a scroll of fog {unknown}
 n - a scroll of noise {unknown}
Potions
 b - a potion of magic
 c - a potion of invisibility {unknown}
 f - a potion of attraction {unknown}
 h - a potion of resistance {unknown}
 j - 2 potions of lignification {unknown}
 k - 2 potions of degeneration {unknown}
 o - 2 potions of curing {unknown}


   Skills:
 + Level 0.1 Fighting
 + Level 2.5 Dodging
 + Level 2.5 Stealth
 + Level 3.2 Spellcasting
 + Level 2.9 Conjurations
 + Level 5.5 Air Magic


You had 2 spell levels left.
You knew the following spells:

 Your Spells              Type           Power      Damage    Failure   Level
a - Shock                 Conj/Air       72%        1d7       2%          1
b - Airstrike             Air            11%        2d(2-18)  16%         4
c - Swiftness             Air            22%        N/A       4%          3

Your spell library contained the following spells:

 Spells                   Type           Power      Damage    Failure   Level
 Static Discharge         Conj/Air       36%        2-4/arc   4%          2
 Apportation              Tloc           4%         N/A       16%         1
 Necrotise                Necr           8%         1d4       16%         1
 Summon Small Mammal      Summ           8%         N/A       16%         1
 Brom's Barrelling Bould  Conj/Erth      8%         2d3       65%         4
 Iskenderun's Battlesphe  Conj           13%        2d7       78%         5
 Fireball                 Conj/Fire      4%         3d4       94%         5
 Conjure Ball Lightning   Conj/Air       9%         3x3d6     99%         6
 Orb of Destruction       Conj           6%         9d6       100%        7


Dungeon Overview and Level Annotations

Branches:
Dungeon (4/15)              Sewer (visited)
 Temple: D:4-7

Altars:

Annotations:
D:4 Pargi


Innate Abilities, Weirdness & Mutations

You have a beak for a mouth.
You have claws for feet.
You can magically evade attacks while moving or waiting.


Message History

The zap hits the ball python.
You kill the ball python!
The zap misses Pargi.
You enter the shallow water.
Moving in this stuff is going to be slow.
Pargi attacks as he pursues you! Pargi completely misses you. Pargi claws you.
* * * LOW HITPOINT WARNING * * *
Pargi claws you but does no damage. Pargi attacks as he pursues you!
Pargi completely misses you. x3
Pargi bites you.
* * * LOW HITPOINT WARNING * * *
Pargi barely misses you. Pargi misses you.
You enter the shallow water.
Moving in this stuff is going to be slow.
Pargi attacks as he pursues you! Pargi barely misses you.
Pargi completely misses you. Pargi misses you. Pargi completely misses you.
Pargi closely misses you. Pargi misses you.
You enter the shallow water.
Moving in this stuff is going to be slow.
Pargi attacks as he pursues you! Pargi barely misses you. Pargi misses you.
Pargi completely misses you. Pargi misses you. Pargi completely misses you. x2
There is a gate leading back out of this place here.
Pargi bites you.
* * * LOW HITPOINT WARNING * * *
Pargi barely misses you. Pargi closely misses you.
Welcome back to the Dungeon!
There is a collapsed entrance here.
You enter the shallow water.
Moving in this stuff is going to be slow.
Pargi attacks as he pursues you! Pargi bites you but does no damage.
Pargi misses you. x2
Pargi completely misses you. x2; Pargi claws you.
* * * LOW HITPOINT WARNING * * *
Pargi attacks as he pursues you! Pargi misses you. Pargi claws you.
* * * LOW HITPOINT WARNING * * *
Pargi completely misses you. Pargi attacks as he pursues you! Pargi misses you.
Pargi completely misses you. Pargi misses you. Pargi bites you.
You die...

##### ####
#.~.#####~~###
#..~~~~~~~...#
#~~~~~~~~....#
##~~.####...####
#ww##.........##
#~~#.......##..#
#~T#....######.###
#~@#.#.## #...#
##~~...#.# ###.##
##~....#.# #...
###...... ####
#..##### ####


You could see Pargi and 2 worms.

Vanquished Creatures
  Natasha (D:4)
  A gnoll (D:4)
  2 adders (D:3)
  A worm (D:2)
  4 dart slugs
  6 orcs
  11 ball pythons
  4 bats
  4 endoplasms
  6 giant cockroaches
  4 goblins
  9 hobgoblins
  8 jackals
  5 kobolds
  2 quokkas (D:1)
  6 frilled lizards
  3 rats
77 creatures vanquished.

Vanquished Creatures (others)
  An orc (D:4)
1 creature vanquished.

Grand Total: 78 creatures vanquished

Notes
Turn   | Place    | Note
-------+----------+-------------------------------------------
     0 | D:1      | randomguy2701 the Tengu Air Elementalist began the quest
                  | for the Orb.
     0 | D:1      | Reached XP level 1. HP: 10/10 MP: 4/4
   176 | D:1      | Reached XP level 2. HP: 7/15 MP: 1/6
   583 | D:1      | Reached XP level 3. HP: 19/19 MP: 4/7
   822 | D:1      | Reached skill level 5 in Air Magic
  2147 | D:2      | Reached XP level 4. HP: 24/24 MP: 3/9
  2393 | D:2      | Learned a level 4 spell: Airstrike
  2397 | D:2      | Learned a level 3 spell: Swiftness
  3874 | D:4      | Noticed a steam dragon
  4006 | D:4      | Reached XP level 5. HP: 12/28 MP: 2/10
  4205 | D:4      | Noticed Natasha
  4220 | D:4      | Killed Natasha
  4238 | D:4      | Found a glowing drain.
  4246 | Sewer    | Entered a sewer
  4302 | Sewer    | Noticed Pargi
  4328 | D:4      | Slain by Pargi

Illustrated notes

Levels and vault maps discovered:
D:1:      dpeg_arrival_signposts, layout_basic, chequers_serial_rivers_marsh,
          dreamdust_princess_bridge
D:2:      layout_loops_ring
D:3:      layout_basic, kennysheep_generic_room_8
D:4:      layout_loops_ring, cheibrodos_sewer_entry_bend, grunt_ministairs_8,
          uniq_natasha

Skill      XL: |  1  2  3  4 |
---------------+-------------+-----
Air Magic      | 5 |  5.5
Conjurations   | 2 |  2.9
Spellcasting   | 3 |  3.2
Fighting       | |  0.1
Dodging        | |  2.5
Stealth        | |  2.5

Action                     |  1- 3 |  4- 6 || total
---------------------------+-------+-------++-------
  Melee: Unarmed           |    33 |       ||    33
         Peck              |     4 |       ||     4
         Kick              |     7 |       ||     7
   Cast: Shock             |    76 |    87 ||   163
 Armour: Robe              |    23 |    34 ||    57
  Dodge: Dodged            |    26 |    60 ||    86

Table legend: (Time is in decaauts)
 A = Elapsed time spent in this place.
 B = Non-inter-level travel time spent in this place.
 C = Inter-level travel time spent in this place.
 D = Time resting spent in this place.
 E = Time spent auto-exploring this place.
 F = Levels seen in this place.
 G = Mean time per level.
                   A        B        C        D        E       F      G
               +--------+--------+--------+--------+--------+-----+--------+
         Total |   4352 |   4083 |    269 |      0 |   3329 |   5 |  870.4 |
       Dungeon |   4264 |   3995 |    269 |      0 |   3273 |   4 | 1066.0 |
         Sewer |     87 |     87 |      0 |      0 |     56 |   1 |   87.0 |
               +--------+--------+--------+--------+--------+-----+--------+

Top non-repeatable levels by time:
     D:1: 1528 daAuts
     D:2: 1052 daAuts
     D:3: 1039 daAuts
     D:4: 644 daAuts
   Sewer: 87 daAuts
